 Dungeon Crawl Stone Soup version 0.30-a0-1157-g2cc9ac7196 (webtiles) character file.

Game seed: 7767414698811855192

62 cheesebisquit the Grave Robber (level 3, 0/24 HPs)
             Began as a Demonspawn Necromancer on Apr 24, 2023.
             Slain by Sigmund
             ... wielding a +0 scythe
              (8 damage)
             ... on level 2 of the Dungeon.
             The game lasted 00:05:03 (1897 turns).

cheesebisquit the Grave Robber (DsNe)               Turns: 1897, Time: 00:05:03

Health: 0/24       AC:  3    Str:  8    XL:     3   Next: 85%
Magic:  2/6        EV: 12    Int: 18    God:
Gold:   72         SH:  0    Dex: 13    Spells: 5/6 levels left

rFire   + . .        g - +2 dagger (flame)
rCold   . . .        (no shield)
rNeg    . . .        a - +0 robe
rPois   .            (no helmet)
rElec   .            c - +0 cloak
rCorr   .            (no gloves)
SInv    .            (no boots)
Will    .....        i - amulet of regeneration
Stlth   ++           n - ring of protection from fire
HPRegen 1.04/turn    (no ring)
MPRegen 0.10/turn

%: no passive effects
@: no status effects
A: powered by death 1
a: no special abilities


You were on level 2 of the Dungeon.
You visited 1 branch of the dungeon, and saw 2 of its levels.

You collected 72 gold pieces.

Inventory:

Hand Weapons
 d - a +0 mace
 g - a +2 dagger of flaming (weapon)
Armour
 a - a +0 robe (worn)
 c - a +0 cloak (worn)
Jewellery
 i - an amulet of regeneration (around neck)
 n - a ring of protection from fire (left hand)
Scrolls
 e - a scroll of identify {unknown}
 j - 2 scrolls of teleportation {unknown}
 l - a scroll of vulnerability {unknown}
 m - a scroll of noise {unknown}
 o - 3 scrolls of fear {unknown}
 p - a scroll of fog {unknown}
 q - a scroll of magic mapping {unknown}
Potions
 b - a potion of magic
 f - 2 potions of heal wounds {unknown}
 h - a potion of attraction {unknown}
 k - a potion of mutation {unknown}


   Skills:
 - Level 1.9 Dodging
 - Level 2.0 Stealth
 - Level 2.1 Spellcasting
 + Level 5.8 Necromancy


You had 5 spell levels left.
You knew the following spells:

 Your Spells              Type           Power      Damage    Failure   Level
a - Necrotise             Necr           92%        1d8       1%          1

Your spell library contained the following spells:

 Spells                   Type           Power      Damage    Failure   Level
 Vampiric Draining        Necr           23%        2d7       4%          3
 Animate Dead             Necr           23%        N/A       16%         4
 Agony                    Necr           23%        N/A       41%         5
 Borgnjor's Revivificati  Necr           11%        N/A       100%        8
 Necromutation            Tmut/Necr      6%         N/A       100%        8
 Death's Door             Necr           11%        N/A       100%        9


Dungeon Overview and Level Annotations

Branches:
Dungeon (2/15)

Altars:

Annotations:
D:2 Sigmund


Innate Abilities, Weirdness & Mutations

You regenerate a little health from kills.


Message History

Sigmund asks, "Do you like me?" Sigmund barely misses you.
Sigmund writhes in agony!
Sigmund gestures at you while chanting.
You are confused.
Your goblin skeleton hits Sigmund but does no damage.
You're too confused to cast spells.
Are you sure you want to stumble around while confused and next to your goblin skeleton? [Y]es or [N]o only, please.
Are you sure you want to stumble around while confused and next to your goblin skeleton?
You hit Sigmund.
Sigmund is heavily wounded.
Sigmund mumbles some strange words.
Sigmund flickers and vanishes!
Deactivating autopickup; reactivate with Ctrl-A.
Okay, then.
Are you sure you want to stumble around while confused and next to your goblin skeleton?
You completely miss something. Something hits you!
Are you sure you want to stumble around while confused and next to your goblin skeleton?
Something barely misses you.
Are you sure you want to stumble around while confused and next to your goblin skeleton?
Are you sure you want to stumble around while confused and next to your goblin skeleton?
Okay, then.
You hear some strange, mumbled words.
A magic dart appears from out of thin air!
The magic dart hits you. Something hits you.
You feel less confused. Something hits you.
* * * LOW HITPOINT WARNING * * *
Okay, then.
Okay, then.
Aiming: Necrotise (safe; 1% risk of failure)
Press: ? - help, Q - select action Shift-Dir - straight line Something writhes in agony.
Aiming: Necrotise (safe; 1% risk of failure)
Press: ? - help, Q - select action Shift-Dir - straight line Nothing appears to happen.
Something hits you!
You die...

# #...#># #
#.#.# # #.
#.#.#
#..##.#.#.#
#.....)...#
#####.#####
##.## #{.Z#
#.@.#
#.......#
#.......#
#.........
###...###.#
#...# .#
##### . #


You could see a friendly goblin skeleton.

Vanquished Creatures
  Terence (D:2)
  3 dart slugs
  2 endoplasms (D:1)
  A giant cockroach (D:2)
  2 goblins
  8 hobgoblins
  5 kobolds
  A bat (D:1)
  2 frilled lizards
  2 rats (D:1)
27 creatures vanquished.

Notes
Turn   | Place    | Note
-------+----------+-------------------------------------------
     0 | D:1      | cheesebisquit the Demonspawn Necromancer began the quest
                  | for the Orb.
     0 | D:1      | Reached XP level 1. HP: 13/13 MP: 3/3
   443 | D:1      | Gained mutation: You regenerate a little health from kills.
                  | [demonic ancestry]
   443 | D:1      | Reached XP level 2. HP: 19/19 MP: 0/5
   762 | D:1      | Reached skill level 5 in Necromancy
  1170 | D:2      | Reached XP level 3. HP: 24/24 MP: 0/6
  1383 | D:2      | Noticed Terence
  1390 | D:2      | Killed Terence
  1881 | D:2      | Noticed Sigmund
  1897 | D:2      | Slain by Sigmund

Illustrated notes

Levels and vault maps discovered:
D:1:      minmay_arrival_loop, layout_loops_ring
D:2:      layout_loops_corners, minmay_diced_spiral, uniq_terence, uniq_sigmund

Skill      XL: |  1  2 |
---------------+-------+-----
Stealth        | 2 |  2.0
Necromancy     | 5 |  5.8
Dodging        | |  1.9
Spellcasting   | |  2.1

Action                     || total
---------------------------++-------
  Melee: Unarmed           ||     5
         Dagger            ||     6
   Cast: Necrotise         ||    55
 Armour: Robe              ||     2
  Dodge: Dodged            ||     9

Table legend: (Time is in decaauts)
 A = Elapsed time spent in this place.
 B = Non-inter-level travel time spent in this place.
 C = Inter-level travel time spent in this place.
 D = Time resting spent in this place.
 E = Time spent auto-exploring this place.
 F = Levels seen in this place.
 G = Mean time per level.
                   A        B        C        D        E       F      G
               +--------+--------+--------+--------+--------+-----+--------+
         Total |   1895 |   1805 |     90 |      0 |   1616 |   2 |  947.5 |
       Dungeon |   1895 |   1805 |     90 |      0 |   1616 |   2 |  947.5 |
               +--------+--------+--------+--------+--------+-----+--------+

Top non-repeatable levels by time:
     D:1: 1113 daAuts
     D:2: 782 daAuts
